 Dungeon Crawl Stone Soup version 0.28-a0-1404-g4df0f3684d (webtiles) character file.

Game seed: 448338317417178596

424 porpoise the Insei (level 6, -12/50 HPs)
             Began as a Demonspawn Transmuter on Jan 6, 2022.
             Blown up by Ijyb (19 damage)
             ... with a mindburst bolt
             ... on level 3 of the Dungeon.
             The game lasted 00:13:10 (3857 turns).

porpoise the Insei (Demonspawn Transmuter)          Turns: 3857, Time: 00:13:10

Health: -12/50     AC: 11    Str: 12    XL:     6   Next: 64%
Magic:  8/9        EV: 12    Int: 15    God:
Gold:   69         SH:  0    Dex: 13    Spells: 6/9 levels left

rFire   . . .      SeeInvis .     - Unarmed
rCold   . . .      Faith    .   (no shield)
rNeg    . . .      Spirit   .   a - +1 robe
rPois   .          Reflect  .   (helmet restricted)
rElec   .          Harm     .   (no cloak)
rCorr   .          Rampage  .   (no gloves)
Will    .....                   (no boots)
Stlth   +.........              (no amulet)
HPRegen 0.16/turn               j - +4 ring of protection
MPRegen 0.11/turn               n - +4 ring of protection

@: very slightly contaminated, invisible
A: antennae 2
a: no special abilities


You were on level 3 of the Dungeon.
You visited 1 branch of the dungeon, and saw 3 of its levels.

You collected 69 gold pieces.

Inventory:

Hand Weapons
 b - a +2 dagger of draining
Missiles
 e - 31 poisoned darts (quivered)
 f - 43 stones
 g - 41 arrows
 h - 2 javelins
 k - 23 bolts
Armour
 a - a +1 robe (worn)
Jewellery
 j - a +4 ring of protection (left hand)
 n - a +4 ring of protection (right hand)
Scrolls
 c - a scroll of magic mapping {unknown}
 d - a scroll of identify
 i - a scroll of enchant armour
 l - a scroll of vulnerability
 m - a scroll of amnesia {unknown}
 q - a scroll of holy word {unknown}
Potions
 o - 2 potions of flight
 p - a potion of berserk rage


   Skills:
 + Level 4.8 Fighting
 - Level 1.7 Dodging
 + Level 5.2 Unarmed Combat
 - Level 2.0 Spellcasting
 - Level 1.7 Transmutations


You had 6 spell levels left.
You knew the following spells:

 Your Spells              Type           Power      Damage    Failure   Level
a - Beastly Appendage     Tmut           12%        N/A       11%         1
b - Wereblood             Tmut           6%         N/A       16%         2

Your spell library contained the following spells:

 Spells                   Type           Power      Damage    Failure   Level
 Summon Small Mammal      Summ           4%         N/A       22%         1
 Spider Form              Tmut/Pois      4%         N/A       43%         3
 Tukima's Dance           Hex            1%         N/A       54%         3
 Ice Form                 Ice/Tmut       4%         N/A       83%         4
 Passage of Golubria      Tloc           1%         N/A       91%         4
 Yara's Violent Unravell  Hex/Tmut       2%         3d3       99%         5


Dungeon Overview and Level Annotations

Branches:
Dungeon (3/15)

Altars:
Ashenzari
Cheibriados
Kikubaaqudgha
Sif Muna
Vehumet

Annotations:
D:3 Ijyb


Innate Abilities, Weirdness & Mutations

You have a pair of antennae on your head.


Message History

You pick up Great Wizards, Vol.
VII and begin reading...
You add the spells Tukima's Dance, Passage of Golubria and Yara's Violent Unravelling to your library.
e - 31 poisoned darts (gained 1) Ijyb the Twisted Goblin comes into view.
She is wielding a +0 dagger and carrying a wand of mindburst (20).
Ijyb shouts!
Ijyb moves out of view.
There is a snail-covered altar of Cheibriados here.
Okay, then.
Okay, then.
You start waiting.
Ijyb is nearby!
Okay, then.
Press: ? - help, v - describe, . - travel
Here: Ijyb, wielding a +0 dagger, wearing a +0 leather armour and carrying a wand of mindburst (20)
The floor.
You fade into invisibility!
Ijyb zaps a wand.
Your mind is blasted!
Casting: Beastly Appendage (safe; 11% risk of failure)
Confirm with . or Enter, or press ? or * to list all spells.
You miscast Beastly Appendage.
You are very lightly contaminated with residual magic.
Nothing appears to happen.
Ijyb zaps a wand.
Your mind is blasted!
Ijyb hits you but does no damage.
You hit Ijyb but do no damage. You completely miss Ijyb.
Ijyb zaps a wand.
Your mind is blasted!
* * * LOW HITPOINT WARNING * * *
You hit Ijyb.
Ijyb is moderately wounded.
You hit Ijyb but do no damage.
Ijyb is moderately wounded.
Ijyb hits you with a +0 dagger.
* * * LOW HITPOINT WARNING * * *
You hit Ijyb.
Ijyb is moderately wounded.
Ijyb hits you but does no damage.
You catch the helpless Ijyb completely off-guard!
You hit Ijyb.
Ijyb is heavily wounded.
Ijyb zaps a wand.
Your mind is blasted!
You die...

######## ###......#
#........##
######.........#### #
#..g@........).†..# #
.....###._..8.._.###.#
# .................#
#.# # .
..............## #.# #
..............####.###
.....................'
..#.....#####.####.###
..........#...... ..#
#.# # .........
#...... #.###


You could see Ijyb.

Vanquished Creatures
  2 ogres
  6 orc wizards (D:3)
  2 adders (D:2)
  A worm (D:2)
  2 dart slugs (D:1)
  2 orcs (D:3)
  5 bats
  10 endoplasms
  3 giant cockroaches
  4 goblins
  3 hobgoblins
  8 jackals
  5 kobolds
  5 quokkas
  7 ball pythons
  4 frilled lizards
  8 rats
77 creatures vanquished.

Notes
Turn   | Place    | Note
-------+----------+-------------------------------------------
     0 | D:1      | porpoise the Demonspawn Transmuter began the quest for the
                  | Orb.
     0 | D:1      | Reached XP level 1. HP: 15/15 MP: 3/3
   291 | D:1      | Reached skill level 3 in Unarmed Combat
   291 | D:1      | Lost mutation: You have a pair of horns on your head.
                  | [demonic ancestry]
   291 | D:1      | Lost mutation: You have a pair of small horns on your head.
                  | [demonic ancestry]
   291 | D:1      | Gained mutation: You have a pair of small antennae on your
                  | head. [demonic ancestry]
   291 | D:1      | Reached XP level 2. HP: 21/21 MP: 3/5
  1029 | D:1      | Gained mutation: You have a pair of antennae on your head.
                  | [demonic ancestry]
  1029 | D:1      | Reached XP level 3. HP: 23/27 MP: 4/6
  1718 | D:2      | Noticed an ogre
  1730 | D:2      | Killed an ogre
  1731 | D:2      | Reached skill level 4 in Unarmed Combat
  1731 | D:2      | Reached XP level 4. HP: 10/35 MP: 4/7
  1731 | D:2      | Reached XP level 5. HP: 12/41 MP: 4/8
  3166 | D:3      | Found a radiant altar of Vehumet.
  3192 | D:3      | Found an ancient bone altar of Kikubaaqudgha.
  3246 | D:3      | Learned a level 2 spell: Wereblood
  3248 | D:3      | Found a shimmering blue altar of Sif Muna.
  3264 | D:3      | Reached XP level 6. HP: 48/49 MP: 6/9
  3308 | D:3      | Got Sif Muna's Handbook of Illusion
  3363 | D:3      | Reached skill level 5 in Unarmed Combat
  3706 | D:3      | Found a broken altar of Ashenzari.
  3712 | D:3      | Found a snail-covered altar of Cheibriados.
  3845 | D:3      | Noticed Ijyb
  3857 | D:3      | Blown up by Ijyb

Illustrated notes

Levels and vault maps discovered:
D:1:      erik_arrival_blinker_ship, layout_rooms, st_stairs_14
D:2:      layout_loops_ring
D:3:      layout_basic, palyth_temple_overflow_mages,
          grunt_temple_overflow_open, nicolae_underground_beach, uniq_terence,
          uniq_ijyb

Skill      XL: |  1  2  3  4  5  6 |
---------------+-------------------+-----
Unarmed Combat | 3 4 5 |  5.2
Fighting       | 2 3 4 |  4.8
Dodging        | |  1.7
Spellcasting   | |  2.0
Transmutations | |  1.7

Action                   |  1- 3 |  4- 6 || total
-------------------------+-------+-------++-------
Melee: Unarmed           |   136 |   157 ||   293
       Kick              |    33 |    23 ||    56
       Headbutt          |     1 |       ||     1
       Punch             |     1 |     5 ||     6
       Dagger            |     3 |     5 ||     8
Throw: Dart              |     5 |    20 ||    25
 Cast: Beastly Appendage |    32 |    27 ||    59
       Wereblood         |       |     1 ||     1
  Use: Scroll            |       |     5 ||     5
       Potion            |       |     1 ||     1
 Stab: Sleeping          |     2 |     2 ||     4
       Invisible         |       |     1 ||     1
Armor: Robe              |    20 |    69 ||    89
Dodge: Dodged            |    71 |    61 ||   132

Table legend: (Time is in decaauts)
 A = Elapsed time spent in this place.
 B = Non-inter-level travel time spent in this place.
 C = Inter-level travel time spent in this place.
 D = Time resting spent in this place.
 E = Time spent auto-exploring this place.
 F = Levels seen in this place.
 G = Mean time per level.
                   A        B        C        D        E       F      G
               +--------+--------+--------+--------+--------+-----+--------+
         Total |   3832 |   3783 |     49 |   1901 |   1020 |   3 | 1277.3 |
       Dungeon |   3832 |   3783 |     49 |   1901 |   1020 |   3 | 1277.3 |
               +--------+--------+--------+--------+--------+-----+--------+

Top non-repeatable levels by time:
     D:1: 1693 daAuts
     D:2: 1291 daAuts
     D:3: 846 daAuts
